Cogmind - Beta 15 @@@ ROGUE MODE // 2025.08.20 @ 20:17:57 Player: Greenblue Result: Self-destructed Performance ------------- Evolutions (6) 3000 Regions Visited (8) 1600 Robots Destroyed (107) 535 Value Destroyed (4304) 4304 Prototype IDs (5) 100 Alien Tech Used (0) 0 Bonus (559) 559 TOTAL SCORE: 10098 Bonus ------- High Alert Combat Kills 59 Entered DSFs 500 Cogmind --------- Core Integrity 809/1150 Matter 208/300 Energy 150/150 System Corruption 0% Temperature Warning (368) Movement Treading (240) Ox1 Location -4/Factory Parts ------- > --- POWER (2) -------- Neutrino Core Micro Fission Core > --- PROPULSION (3) --- Light Treads Improved Treads > --- UTILITY (10) ----- Advanced Heat Sink Advanced Heat Sink Improved Signal Interpreter Improved Medium Armor Plating Improved Focal Shield System Guard > --- WEAPON (4) ------- Wave Gun Enhanced Nova Cannon > --- INVENTORY (5) ---- Transmission Jammer Authchip [Armor] Thermic Laser Phase Cannon Phase Cannon Peak State ------------ > --- POWER ------------ Antimatter Reactor Light Antimatter Reactor > --- PROPULSION ------- Carbon-fiber Leg Myomer Leg Wheel > --- UTILITY ---------- Advanced Heat Sink Advanced Cooling System Large Storage Unit Improved Trap Scanner Improved Signal Interpreter Layered Medium Armor Plating Heavy Reflective Plating Improved Focal Shield System Guard > --- WEAPON ----------- Phase Cannon Cooled Plasma Cannon Enhanced Nova Cannon Enhanced Nova Cannon > --- INVENTORY -------- Micro Fission Core Light Treads Improved Treads Advanced Heat Sink Transmission Jammer Layered Medium Armor Plating Authchip [Armor] Plasma Rifle Thermic Laser Thermic Laser Phase Gun Phase Cannon Phase Cannon Long-range Missile Launcher [Rating: 106] Favorites ----------- Power Angular Momentum Engine Engine Angular Momentum Engine Power Core Light Nuclear Core Reactor Antimatter Reactor Propulsion Light Treads Treads Light Treads Leg Carbon-fiber Leg Wheel Wheel Utility Large Storage Unit Device Advanced Sensor Array Storage Large Storage Unit Processor Targeting Computer Hackware Authchip [Weapon] Protection Heavy Reflective Plating Weapon Plasma Rifle Energy Gun Plasma Rifle Energy Cannon Phase Cannon Ballistic Gun Light Assault Rifle Build | -11 -10 -9 -8 -7 -7 -6 -5 -4 ------- Run | Yrd Mat Mat Mat Fac DSF Fac Fac Fac Slots Evolved 12 | . . 2 2 2 . 2 2 2 Power 1 | . . . . . . . 1 . Propulsion 1 | . . . . 1 . . . . Utility 8 | . . . 2 1 . 2 1 2 Weapon 2 | . . 2 . . . . . . Parts Attached 115 | 6 6 20 9 2 6 36 2 28 Power 14 | 1 . 2 2 . 1 3 . 5 Engine 7 | 1 . 2 1 . . 3 . . Core 5 | . . . 1 . 1 . . 3 Reactor 2 | . . . . . . . . 2 Propulsion 25 | 2 4 4 3 . 2 5 . 5 Treads 15 | . 2 4 3 . 2 2 . 2 Leg 4 | . 2 . . . . 1 . 1 Wheel 6 | 2 . . . . . 2 . 2 Hover . | . . . . . . . . . Flight . | . . . . . . . . . Utility 41 | 1 2 2 3 1 3 17 2 10 Device 20 | . 1 2 1 . 1 7 2 6 Storage 2 | 1 1 . . . . . . . Processor 7 | . . . 2 . 1 3 . 1 Hackware 1 | . . . . . . . . 1 Protection 11 | . . . . 1 1 7 . 2 Artifact . | . . . . . . . . . Weapon 35 | 2 . 12 1 1 . 11 . 8 Energy Gun 16 | . . 7 . . . 7 . 2 Energy Cannon 11 | . . . . 1 . 4 . 6 Ballistic Gun 8 | 2 . 5 1 . . . . . Ballistic Cannon . | . . . . . . . . . Launcher . | . . . . . . . . . Special Weapon . | . . . . . . . . . Impact Weapon . | . . . . . . . . . Slashing Weapon . | . . . . . . . . . Piercing Weapon . | . . . . . . . . . Special Melee Weapon . | . . . . . . . . . Unidentified Prototypes 5 | . . 1 . . . 2 . 2 Parts Lost 39 | . 2 . 1 . 1 17 . 18 Power 5 | . 1 . . . . 2 . 2 Propulsion 11 | . 1 . 1 . . 6 . 3 Utility 14 | . . . . . 1 4 . 9 Weapon 9 | . . . . . . 5 . 4 Highest Loss Streak 16 | . 1 . 1 . 1 8 . 16 To Critical Strikes . | . . . . . . . . . Average Backups 12 | 3 6 13 12 13 14 13 15 13 Power 1 | . 1 1 1 2 2 . . . Propulsion 2 | 2 4 3 3 3 3 . 1 1 Utility 6 | . . 4 4 4 6 8 8 5 Weapon 3 | . 1 2 3 4 2 2 6 5 Tool/Special . | . . . . . . . . . Unused Backups 21 | . . 7 3 . 2 3 . 6 Power 3 | . . . 1 . 2 . . . Propulsion 3 | . . 2 . . . . . 1 Utility 10 | . . 3 2 . . 3 . 2 Weapon 4 | . . 1 . . . . . 3 Tool/Special 1 | . . 1 . . . . . . Average Slot Usage (%) 93 | . 86 96 97 98 94 95 85 87 Engine 5 | . 8 10 4 . . 5 5 2 Core 1 | . . . 3 7 7 . . 1 Treads 12 | . 2 22 17 23 23 16 . . Leg 2 | . 12 . . . . . 5 5 Wheel 3 | . 12 . . . . 1 11 7 Device 15 | . 7 11 9 7 7 17 14 21 Storage 7 | . 14 11 9 7 7 6 5 4 Processor 8 | . . . 17 15 9 13 5 7 Protection 5 | . . . . 6 7 6 11 9 Energy Gun 12 | . . 17 18 12 7 18 11 . Energy Cannon 6 | . . . . 2 7 4 11 19 Ballistic Gun 8 | . 28 24 18 15 15 . . . Peak Build Rating 106 | 6 7 17 20 23 29 63 70 106 Average Rating 46 | 4 6 12 17 22 26 52 67 87 On Entrance 26 | . 6 7 16 20 23 29 63 70 Naked Turns . | . . . . . . . . . Heaviest Build 119 | 10 23 40 38 48 48 81 84 119 Greatest Support 68 | 32 40 40 40 60 60 68 20 43 Greatest Overweight (x) 11 | . 1 . 1 . . 4 4 11 Average Overweight (x) 1 | . . . . . . . 4 3 Largest Inventory Capacity 15 | 8 15 15 15 15 15 15 15 15 Average Capacity 14 | 6 8 15 15 15 15 15 15 14 Most Carried 15 | 6 10 15 15 14 15 15 15 15 Average Carried 13 | 3 6 13 12 13 14 13 14 13 Final Capacity 15 | 8 15 15 15 15 15 15 15 5 Final Carried 15 | 6 10 14 15 14 15 15 15 5 Class Distribution -------------------- 37% | Scavenger-Gunner 27% | Scavenger-Tank 9% | Pyromaniac-Skirmisher 8% | Scavenger-Skirmisher 4% | Mutant 4% | Pyromaniac-Tank 4% | Tank 3% | Gunner Dominant Class ---------------- Mutant | -10/Materials Scavenger-Gunner | -9/Materials Scavenger-Gunner | -8/Materials Scavenger-Gunner | -7/Factory Scavenger-Gunner | -7/DSF Pyromaniac-Skirmisher | -6/Factory Scavenger-Tank | -5/Factory Scavenger-Tank | -4/Factory Resources | -11 -10 -9 -8 -7 -7 -6 -5 -4 ----------- Run | Yrd Mat Mat Mat Fac DSF Fac Fac Fac Matter Collected 1875 | 244 95 457 218 . 157 484 24 196 Remotely . | . . . . . . . . . Salvage Created 5156 | . 157 1176 254 . 307 1625 24 1613 Parts 194 | . 9 75 13 . 13 32 1 51 Haulers Intercepted 5 | . 1 2 . . . 2 . . Recyclers Shooed 1 | . . . . . . 1 . . Parts Field Recycled . | . . . . . . . . . Retrieved Matter . | . . . . . . . . . Parts Self-Destructed . | . . . . . . . . . Prevented . | . . . . . . . . . Kills | -11 -10 -9 -8 -7 -7 -6 -5 -4 ------- Run | Yrd Mat Mat Mat Fac DSF Fac Fac Fac Combat Hostiles Destroyed 88 | . 2 30 5 . 5 23 . 23 Guns 53 | . 2 30 5 . 3 11 . 2 Cannons 23 | . . . . . 2 6 . 15 AOE 3 | . . . . . . 3 . . Classes Destroyed 12 | . 2 4 . . 2 3 1 . Worker 8 | . . 3 . . . 4 . 1 Builder 2 | . . . . . . 2 . . Hauler 5 | . 1 2 . . . 2 . . Recycler 3 | . . . . . . 2 . 1 Operator 1 | . . . . . . . 1 . Swarmer 16 | . . 10 . . . 3 . 3 Grunt 35 | . 2 12 3 . 2 12 . 4 Brawler 2 | . . 2 . . . . . . Sentry 18 | . . 6 2 . 1 3 . 6 Hunter 3 | . . . . . 1 . . 2 Programmer 13 | . . . . . . 5 . 8 Heavy 1 | . . . . . 1 . . . Best Kill Streak 14 | . 2 7 2 . 2 14 1 5 Combat Bots Only 8 | . 2 7 2 . 2 8 . 5 Max Kills in Single Turn 8 | . 1 2 1 . 1 8 1 1 Gunslinging 1 | . . 1 . . . . . . Exploded 3 | . . . . . . 3 . . Melee . | . . . . . . . . . Uniques/NPCs Destroyed . | . . . . . . . . . Combat | -11 -10 -9 -8 -7 -7 -6 -5 -4 -------- Run | Yrd Mat Mat Mat Fac DSF Fac Fac Fac Hostile Shots Fired 760 | . 8 104 34 . 84 252 . 278 Missed 189 | . . 20 6 . 28 64 . 71 Hits 571 | . 8 84 28 . 56 188 . 207 Melee 3 | . . 3 . . . . . . Projectile 568 | . 8 81 28 . 56 188 . 207 Critical Strikes 21 | . . 2 2 . . 9 . 8 Damage Taken 8827 | . 183 1099 513 . 890 2791 . 3351 Core 1259 | . 35 247 65 . 202 369 . 341 Absorbed by Shields . | . . . . . . . . . Ignored by Resistances 731 | . . . . . . 34 . 697 Core Remaining (%) 77 | 100 86 38 88 . 71 56 100 . Volleys Fired 227 | . 12 64 13 . 22 60 1 55 Largest 4 | . 2 4 4 . 4 4 4 4 Hottest 374 | . 40 176 176 . 186 310 260 374 Shots Fired 786 | . 24 234 50 . 88 208 4 178 Gun 551 | . 24 234 50 . 66 156 2 19 Cannon 235 | . . . . . 22 52 2 159 Launcher . | . . . . . . . . . Special . | . . . . . . . . . Kinetic 238 | . 24 139 24 . 44 7 . . Thermal 548 | . . 95 26 . 44 201 4 178 Explosive . | . . . . . . . . . Electromagnetic . | . . . . . . . . . Robot Hit Streak 20 | . 5 14 14 . 12 13 1 20 Robot Miss Streak 5 | . 1 5 1 . 2 4 3 5 Penetration Max . | . . . . . . . . . Secondary Targets 8 | . . 7 1 . . . . . Max Gunslinging Chain 1 | . . 1 1 . . . . . Shots Hit Robots 499 | . 17 144 35 . 67 128 1 107 Core Hits 181 | . 7 56 13 . 15 54 1 35 Critical Kills 4 | . . . . . . . . 4 Critical Parts Destroyed . | . . . . . . . . . Critical Strikes 15 | . . 4 1 . . 6 . 4 Burn 11 | . . 4 1 . . 6 . . Meltdown 4 | . . . . . . . . 4 Melee Attacks . | . . . . . . . . . Impact . | . . . . . . . . . Slashing . | . . . . . . . . . Piercing . | . . . . . . . . . Sneak Attacks . | . . . . . . . . . Combat Hostiles . | . . . . . . . . . Follow-up Attacks . | . . . . . . . . . Damage Inflicted 12183 | . 146 1829 562 . 1187 4319 33 4107 Guns 5628 | . 146 1826 562 . 737 2065 . 292 Cannons 5151 | . . . . . 450 853 33 3815 Explosions 1401 | . . . . . . 1401 . . Melee . | . . . . . . . . . Ramming 3 | . . 3 . . . . . . Kinetic 1720 | . 146 844 234 . 434 62 . . Thermal 10460 | . . 982 328 . 753 4257 33 4107 Explosive . | . . . . . . . . . Electromagnetic . | . . . . . . . . . Impact . | . . . . . . . . . Slashing . | . . . . . . . . . Piercing . | . . . . . . . . . Highest Corruption 6 | . 1 3 . . . 6 4 3 Average Corruption 2 | . 1 2 . . . 3 4 2 Corruption Purged . | . . . . . . . . . Corruption Blocked . | . . . . . . . . . Effects 40 | . . 16 . . . 23 1 . Message Errors 12 | . . 5 . . . 6 1 . Matter Fused 6 | . . 1 . . . 5 . . Heat Flow Errors 4 | . . 1 . . . 3 . . Energy Discharges 6 | . . 2 . . . 4 . . Parts Rejected 1 | . . 1 . . . . . . Parts Fused 1 | . . 1 . . . . . . Data Loss (minor) 5 | . . 2 . . . 3 . . Misfires 1 | . . . . . . 1 . . Alerts 2 | . . 1 . . . 1 . . Weapon Failures 2 | . . 2 . . . . . . Overload Shots . | . . . . . . . . . Overflow Damage 268 | . . . . . . 173 . 95 Projectiles 137 | . . . . . . 42 . 95 Explosions 131 | . . . . . . 131 . . Melee . | . . . . . . . . . Knockbacks . | . . . . . . . . . Impact . | . . . . . . . . . Kinetic . | . . . . . . . . . Secondary . | . . . . . . . . . Self-Inflicted Damage 65 | . . . . . . 65 . . Shots 1 | . . . . . . 1 . . Rammed 1 | . . 1 . . . . . . Targets Rammed 1 | . . 1 . . . . . . Kicked . | . . . . . . . . . Crushed . | . . . . . . . . . Highest Temperature 560 | . 12 560 408 . 135 409 132 485 Average Temperature 136 | . 6 113 203 . 55 139 68 168 Received Heat Transfer 2220 | . 48 360 270 . 132 918 . 492 Effects 23 | . . 8 4 . . 4 . 7 Shutdowns 4 | . . 1 . . . 1 . 2 Energy Bleed 3 | . . 1 1 . . . . 1 Interference 7 | . . . 2 . . 3 . 2 Matter Decay 1 | . . . 1 . . . . . Short Circuit 2 | . . . . . . . . 2 Damage (major) 6 | . . 6 . . . . . . Siege Activations . | . . . . . . . . . Martial Activations . | . . . . . . . . . Shielding Activations . | . . . . . . . . . Robots Disrupted . | . . . . . . . . . Combat Hostiles . | . . . . . . . . . Robots Corrupted . | . . . . . . . . . Combat Hostiles . | . . . . . . . . . Parts Fried . | . . . . . . . . . Impact Corruptions . | . . . . . . . . . Robots Melted 10 | . . . . . . 4 . 6 Combat Hostiles 9 | . . . . . . 3 . 6 Parts Melted 69 | . . 7 3 . . 33 2 24 Heat Transferred 16601 | . . 2766 851 . 1406 7191 50 4337 Parts Sabotaged . | . . . . . . . . . Parts Stolen . | . . . . . . . . . Parts Stripped . | . . . . . . . . . Power Chain Reactions . | . . . . . . . . . Alert | -11 -10 -9 -8 -7 -7 -6 -5 -4 ------- Run | Yrd Mat Mat Mat Fac DSF Fac Fac Fac Maximum Alert Level 2 | . . 2 . . . 2 1 . Low Security (%) 87 | 100 100 77 100 100 100 77 94 100 Level 1 5 | . . 14 . . . 7 5 . Level 2 6 | . . 8 . . . 14 . . Level 3 . | . . . . . . . . . Level 4 . | . . . . . . . . . Level 5 . | . . . . . . . . . High Security . | . . . . . . . . . Max Security . | . . . . . . . . . Peak Influence 443 | . 30 425 176 47 140 443 208 187 Initial 208 | . . . 176 47 15 73 208 21 Average 96 | . 3 133 140 34 63 102 127 64 Influence Increases 2780 | . 52 823 130 5 135 927 5 703 Destroy 0b10 Robot/C 1760 | . 40 600 100 . 100 460 . 460 Destroy 0b10 Robot/NC 95 | . 5 25 . . . 50 5 10 Destroy Leader 430 | . 2 154 30 . 20 134 . 90 Successful Hack 48 | . 5 12 . 5 . 12 . 14 Disable Machine 210 | . . 15 . . 15 150 . 30 Destroy Structure 132 | . . 2 . . . 46 . 84 Lose Combat Pursuer 105 | . . 15 . . . 75 . 15 Influence Decreases 2593 | . 52 404 443 89 17 640 389 559 Entered New Map 617 | . . . 243 59 7 67 219 22 Time Decay 1616 | . 32 404 190 30 . 433 170 357 Lost Part 360 | . 20 . 10 . 10 140 . 180 Squads Dispatched 18 | . . 3 1 . 1 7 . 6 Investigation 1 | . . 1 . . . . . . Extermination 5 | . . . . . . 3 . 2 Reinforcement 7 | . . 2 1 . 1 1 . 2 Assault . | . . . . . . . . . Garrison 5 | . . . . . . 3 . 2 Intercept . | . . . . . . . . . Searches Triggered . | . . . . . . . . . Construction Impeded 1 | . . . . . . . . 1 Haulers Reinforced . | . . . . . . . . . Active Scanning Responses . | . . . . . . . . . Cargo Convoy Interrupts . | . . . . . . . . . Stealth | -11 -10 -9 -8 -7 -7 -6 -5 -4 --------- Run | Yrd Mat Mat Mat Fac DSF Fac Fac Fac Distress Signals 3 | . . 2 . . . . . 1 Communications Jammed . | . . . . . . . . . Distress Signals . | . . . . . . . . . Times Spotted 128 | . 3 44 6 . 6 29 1 39 Peak Tracking Total 10 | . 2 10 4 . 2 5 1 7 Tactical Retreats 4 | . . 1 . . . 2 . 1 Traps | -11 -10 -9 -8 -7 -7 -6 -5 -4 ------- Run | Yrd Mat Mat Mat Fac DSF Fac Fac Fac Traps Triggered 11 | . 2 4 1 . 1 2 1 . Indirectly . | . . . . . . . . . Trap Hack Attempts . | . . . . . . . . . Triggered . | . . . . . . . . . Disarmed . | . . . . . . . . . Reprogrammed . | . . . . . . . . . Reused . | . . . . . . . . . Traps Extracted . | . . . . . . . . . Installed . | . . . . . . . . . Triggered . | . . . . . . . . . Machines | -11 -10 -9 -8 -7 -7 -6 -5 -4 ---------- Run | Yrd Mat Mat Mat Fac DSF Fac Fac Fac Machines Disabled 14 | . . 1 . . 1 10 . 2 Max in Single Turn 6 | . . 1 . . 1 6 . 1 Machines Repaired . | . . . . . . . . . Machines Dismantled . | . . . . . . . . . Machines Sabotaged . | . . . . . . . . . Overloaded Fab Kills . | . . . . . . . . . Hacking | -11 -10 -9 -8 -7 -7 -6 -5 -4 --------- Run | Yrd Mat Mat Mat Fac DSF Fac Fac Fac Machines Accessed 19 | . 3 3 . 1 . 6 2 4 Terminals 14 | . 3 2 . 1 . 3 2 3 Fabricators 1 | . . . . . . . . 1 Repair Stations . | . . . . . . . . . Recycling Units 2 | . . . . . . 2 . . Scanalyzers 2 | . . 1 . . . 1 . . Garrison Access . | . . . . . . . . . Total Hacks 36 | . 4 8 . 1 . 13 3 7 Successful 14 | . 2 5 . 1 . 3 . 3 Failed 22 | . 2 3 . . . 10 3 4 Catastrophic 6 | . . . . . . 2 1 3 Database Lockouts . | . . . . . . . . . Manual 9 | . 2 4 . . . 1 1 1 Terminals 26 | . 4 6 . 1 . 6 3 6 Fabricators 1 | . . . . . . . . 1 Repair Stations . | . . . . . . . . . Recycling Units 3 | . . . . . . 3 . . Scanalyzers 6 | . . 2 . . . 4 . . Garrison Access . | . . . . . . . . . Terminal Hacks 7 | . 1 2 . 1 . 1 . 2 Open DSF 1 | . . . . 1 . . . . Alert Level 3 | . 1 . . . . 1 . 1 Security Status 1 | . . 1 . . . . . . Zone Layout 2 | . . 1 . . . . . 1 Fabricator Hacks 1 | . . . . . . . . 1 Build 1 | . . . . . . . . 1 Repair Station Hacks . | . . . . . . . . . Recycling Unit Hacks 1 | . . . . . . 1 . . Retrieve Components 1 | . . . . . . 1 . . Scanalyzer 3 | . . 2 . . . 1 . . Insert Component 2 | . . 1 . . . 1 . . Analyze 1 | . . 1 . . . . . . Garrison Access Hacks . | . . . . . . . . . Unauthorized Hacks 2 | . 1 1 . . . . . . Terminals 2 | . 1 1 . . . . . . Botnet 2 | . 1 1 . . . . . . Fabricators . | . . . . . . . . . Repair Stations . | . . . . . . . . . Recycling Units . | . . . . . . . . . Scanalyzers . | . . . . . . . . . Garrison Access . | . . . . . . . . . Data Cores Recovered 1 | . . . . . . . 1 . Used . | . . . . . . . . . Hacking Detections 13 | . 2 2 . . . 5 2 2 Full Trace Events . | . . . . . . . . . Feedback Events . | . . . . . . . . . Feedback Blocked . | . . . . . . . . . Robot Schematics Acquired . | . . . . . . . . . Robots Built . | . . . . . . . . . Authchips . | . . . . . . . . . Time . | . . . . . . . . . Total Robot Build Rating . | . . . . . . . . . Part Schematics Acquired 1 | . . 1 . . . . . . Parts Built 2 | . . . . . . . . 2 Authchips 1 | . . . . . . . . 1 Time 139 | . . . . . . . . 139 Total Part Build Rating 18 | . . . . . . . . 18 Parts Repaired . | . . . . . . . . . Time . | . . . . . . . . . Parts Recycled . | . . . . . . . . . Recycled Matter . | . . . . . . . . . Retrieved Matter . | . . . . . . . . . Retrieved Components 2 | . . . . . . 2 . . Parts Scanalyzed 2 | . . 1 . . . 1 . . Part Schematics Acquired 1 | . . 1 . . . . . . Parts Damaged . | . . . . . . . . . Bothacking | -11 -10 -9 -8 -7 -7 -6 -5 -4 ------------ Run | Yrd Mat Mat Mat Fac DSF Fac Fac Fac Used RIF Installer . | . . . . . . . . . Robots Hacked . | . . . . . . . . . Non-combat . | . . . . . . . . . Combat . | . . . . . . . . . Robot Hacks Applied . | . . . . . . . . . Relay Couplers Released . | . . . . . . . . . Fabnet Peak Effective % . | . . . . . . . . . Robots Rewired . | . . . . . . . . . Allies Hacked . | . . . . . . . . . Hacks Repelled . | . . . . . . . . . Allies | -11 -10 -9 -8 -7 -7 -6 -5 -4 -------- Run | Yrd Mat Mat Mat Fac DSF Fac Fac Fac Total Allies . | . . . . . . . . . Largest Group . | . . . . . . . . . Highest-Rated Group . | . . . . . . . . . Highest-Rated Ally . | . . . . . . . . . Total Orders . | . . . . . . . . . Ally Attacks . | . . . . . . . . . Total Damage . | . . . . . . . . . Kills . | . . . . . . . . . Allies Corrupted . | . . . . . . . . . Allies Melted . | . . . . . . . . . Intel | -11 -10 -9 -8 -7 -7 -6 -5 -4 ------- Run | Yrd Mat Mat Mat Fac DSF Fac Fac Fac Active Infowar (turns) 3308 | . . . . . . 1891 353 1064 Optics 371 | . . . . . . 371 . . Sensors 2491 | . . . . . . 1520 353 618 Traps 849 | . . . . . . . . 849 Jamming 568 | . . . . . . 568 . . Robot Analysis Total . | . . . . . . . . . Derelict Logs Recovered . | . . . . . . . . . Drone Launches . | . . . . . . . . . Drone Recoveries . | . . . . . . . . . Exploration | -11 -10 -9 -8 -7 -7 -6 -5 -4 ------------- Run | Yrd Mat Mat Mat Fac DSF Fac Fac Fac Turns Passed 5631 | 60 225 1062 381 67 274 2022 353 1187 Spaces Moved 2734 | 46 158 486 188 40 108 995 244 469 Core 1 | 1 . . . . . . . . Treads 1657 | . 10 486 188 40 108 816 . 9 Legs 141 | . 74 . . . . 1 . 66 Wheels 935 | 45 74 . . . . 178 244 394 Hover . | . . . . . . . . . Flight . | . . . . . . . . . Fastest Speed 50 | 50 100 160 160 160 160 125 140 122 Average Speed 156 | 98 114 160 160 160 162 162 140 163 Slowest Speed 330 | 100 190 160 240 160 163 330 140 260 Overloaded Moves . | . . . . . . . . . Propulsion Burnouts . | . . . . . . . . . Robots Hopped . | . . . . . . . . . Potential Cave-ins 4 | . . . . . . . . 4 Cave-ins Triggered . | . . . . . . . . . Exploration Rate (%) 28 | 4 26 58 19 2 93 31 7 15 Regions Visited 8 Branch Regions . Pre-discovered Areas . | . . . . . . . . . Known Exits Taken 3 | . . . . 1 . 1 1 . Unknown Exits Taken 4 | 1 1 1 1 . . . . . Scrap Searched . | . . . . . . . . . Spaces Dug 13 | . . . . . . 1 . 12 Terrain Destroyed 86 | . . . . . . 40 . 46 Melee . | . . . . . . . . . Projectile 53 | . . . . . . 7 . 46 AOE 33 | . . . . . . 33 . . Terrain Rammed . | . . . . . . . . . Walls Destroyed . | . . . . . . . . . Machines Disabled . | . . . . . . . . . Actions | -11 -10 -9 -8 -7 -7 -6 -5 -4 --------- Run | Yrd Mat Mat Mat Fac DSF Fac Fac Fac Total 3612 | 57 186 641 239 43 160 1263 253 770 Wait 364 | . . 31 17 . 7 120 4 185 Move 2726 | 45 157 485 187 39 107 994 243 469 Hop . | . . . . . . . . . Pick Up 65 | 6 6 14 5 . 7 17 1 9 Fast Attach 43 | 6 1 4 1 1 2 15 1 12 Attach 44 | . 4 3 3 2 1 18 . 13 Detach 19 | . 3 1 1 1 . 10 . 3 Swap 45 | . 1 15 5 . 5 10 1 8 Drop 78 | . 2 23 7 . 9 19 2 16 Fire 227 | . 12 64 13 . 22 60 1 55 Melee . | . . . . . . . . . Ram . | . . . . . . . . . Kick . | . . . . . . . . . Crush 1 | . . 1 . . . . . . Escape Stasis . | . . . . . . . . . Rewire . | . . . . . . . . . Trap . | . . . . . . . . . Miscellaneous . | . . . . . . . . . Route ------- -11/Scrapyard -10/Materials -9/Materials (discovered 2 exits: [*Mat] / [*Min]) -8/Materials -7/Factory -7/DSF -6/Factory (discovered 2 exits: *Fac / *Low) -5/Factory -4/Factory (discovered 1 exit: *Upp) History --------- Turn | Location | Event 9 | -11/Scrapyard | Discovered new exit (range 16) 61 | -11/Scrapyard | Entered Materials 259 | -10/Materials | Discovered new exit (range 5) 286 | -10/Materials | Entered another Materials area 286 | -9/Materials | Evolved 2 slots: Weapon x2 747 | -9/Materials | Build established: Scavenger-Gunner 962 | -9/Materials | Discovered new exit (range 16) 1095 | -9/Materials | Core integrity fell below 50% 1139 | -9/Materials | Destroyed 7 combat bots 1277 | -9/Materials | Discovered new exit (range 15) 1348 | -9/Materials | Entered another Materials area 1348 | -8/Materials | Evolved 2 slots: Utility x2 1705 | -8/Materials | Discovered new exit (range 10) 1729 | -8/Materials | Entered Factory 1729 | -7/Factory | Evolved 2 slots: Propulsion x1, Utility x1 1794 | -7/Factory | Identified exit to DSF 1796 | -7/Factory | Entered DSF 1842 | -7/DSF | Additional patrols routed to DSF 2023 | -7/DSF | Discovered new exit (range 14) 2070 | -7/DSF | Entered Factory 2070 | -6/Factory | Evolved 2 slots: Utility x2 2755 | -6/Factory | Discovered new exit (range 2) 2758 | -6/Factory | Identified exit to Lower Caves 2956 | -6/Factory | Found Hvy. Reflective Plating 3662 | -6/Factory | Build established: Pyromaniac-Skirmisher 3718 | -6/Factory | Destroyed 8 combat bots 3729 | -6/Factory | Garrison activated, responded to threat 3822 | -6/Factory | Lost 8 parts (1p2n3u2w) 3905 | -6/Factory | Discovered new exit (range 9) 3944 | -6/Factory | Identified exit to Factory 4092 | -6/Factory | Entered another Factory area 4092 | -5/Factory | Evolved 2 slots: Power x1, Utility x1 4146 | -5/Factory | Discovered new exit (range 13) 4162 | -5/Factory | Identified exit to Factory 4445 | -5/Factory | Entered another Factory area 4445 | -4/Factory | Evolved 2 slots: Utility x2 4744 | -4/Factory | Build established: Scavenger-Tank 4775 | -4/Factory | Discovered new exit (range 14) 4791 | -4/Factory | Identified exit to Upper Caves 5291 | -4/Factory | Fabricated Enh. Nova Cannon? 5465 | -4/Factory | Garrison activated, responded to threat 5632 | -4/Factory | Self-destructed Last Messages --------------- K-01 Serf collects debris. Destroyed VTOL Module. S-27 Virus destroyed. U-05 Engineer works on Assembly Bed. K-01 Serf collects debris. U-05 Engineer works on Assembly Bed. Overheating: System interference. Adv. Heat Sink temporarily disabled. Imp. Signal Interpreter temporarily disabled. K-01 Serf collects debris. U-05 Engineer completes Assembly Bed. K-01 Serf collects debris. Phase Gun destroyed. Critical hit (Burn: +37). Penetrated by Slug. Y-64 Sentinel destroyed. K-01 Serf collects debris. Neutrino Core broken. Overheating: Short circuit. Power failure, Mic. Fission Core shutdown. Map ----- +----------------------------------------------------+ | % =##???????# ??????????????????????? | | !*##???????# ??????????????????????? | | !%########## ?????????????????????? | | ! +[ ! # """ ""?????????????????????? | | #[ # """ """ ???????????????????? | | ##+###+## ] # """ """ "??????????????????? | | ## # # ???????????????????? | | ## =# + "" """????????????????????? | | ## """ # # "Y """????????????????????? | | ## """ =# # "" """ """ ???????????????? | | ## """ # #! ??????????????? | | ## # # ??????????????? | | ## ] ########## ####### ??????????????? | | ################?# #??????????+???????????????? | | ??????G"" ?# #??????????????????????????? | | #???"" "" # #??????????????????????????? | | # /! # #??????""??????????????????? | | # = /! + #??????""" ? ??????????????? | | # ] ! # #?????"""" ??????????????? | | # ] ! / #####[ ?????????????? | | ????################+######!! ?????????????? | | ????????# [ %g%%%=+%=! ????????????????? | | ????????# *=uku#??????????????????????? | | ????????# """"" "<<<